 Dungeon Crawl Stone Soup version 0.21-a0-401-g0b6bec4 (webtiles) character file.

60 SCCSCCS the Skirmisher (level 3, -1/29 HPs)
             Began as a Demonspawn Abyssal Knight on Oct 25, 2017.
             Was an Initiate of Makhleb.
             Slain by a thrashing horror (13 damage)
             ... created by the touch of Lugonu
             ... on level 2 of the Dungeon.
             The game lasted 00:08:19 (2177 turns).

SCCSCCS the Skirmisher (Demonspawn Abyssal Knight)  Turns: 2177, Time: 00:08:19

Health: -1/29      AC:  3    Str: 13    XL:     3   Next: 82%
Magic:  5/5        EV: 11    Int: 13    God:    Makhleb [......]
Gold:   93         SH:  0    Dex: 12    Spells: 2/2 levels left

rFire    . . .     SeeInvis .   a - +1 falchion
rCold    + . .     Gourm    .   (no shield)
rNeg     . . .     Faith    .   b - +0 leather armour
rPois    .         Spirit   .   (no helmet)
rElec    .         Reflect  .   (no cloak)
rCorr    .         Harm     .   (no gloves)
MR       .....                  (no boots)
Stlth    +.........             h - amulet of rage
HPRegen  0.09/turn              (no ring)
MPRegen  0.09/turn              (no ring)

@: confused
A: cold resistance 1
a: Renounce Religion, Evoke Berserk Rage


You were on level 2 of the Dungeon.
You worshipped Makhleb.
Makhleb was noncommittal.
You were not hungry.

You visited 1 branch of the dungeon, and saw 2 of its levels.
You visited the Abyss 1 time.

You collected 93 gold pieces.

Inventory:

Hand Weapons
 a - a +1 falchion (weapon)
 p - a +2 whip of flaming
Armour
 b - a +0 leather armour (worn)
Jewellery
 h - an amulet of rage (around neck)
Scrolls
 e - a scroll of remove curse {unknown}
 f - 2 scrolls of identify {unknown}
 g - a scroll of random uselessness {unknown}
 j - a scroll of fog {unknown}
 k - a scroll of fear {unknown}
Potions
 i - a potion of brilliance {unknown}
 m - a potion of resistance {unknown}
 n - 2 potions of mutation {unknown}
 o - 2 potions of cancellation {unknown}
Comestibles
 c - 3 bread rations
 d - 2 fruits
 l - a meat ration


   Skills:
 + Level 3.4 Fighting
 + Level 2.2 Long Blades
 + Level 2.3 Armour
 + Level 1.6 Dodging
 + Level 3.2 Invocations


You had 2 spell levels left.
You didn't know any spells.

Dungeon Overview and Level Annotations

Branches:
Dungeon (2/15)

Altars:
Gozag
Makhleb
Qazlal
The Shining One


Innate Abilities, Weirdness & Mutations

Your flesh is cold resistant. (rC+)


Message History

You now have 85 gold pieces (gained 8).
You now have 93 gold pieces (gained 8).
Lugonu sends minions to punish you. The divine experience confuses you!
You are confused.
A thrashing horror comes into view.
A thrashing horror is nearby!
You're too confused to move!
The thrashing horror roars!
You're too confused!
Unknown command.
You're too confused!
You're too confused!
You're too confused!
You're too confused!
The thrashing horror tramples you!
Ouch! That really hurt!
You hold your ground!
The thrashing horror tramples you.
You hold your ground!
The thrashing horror roars!
The thrashing horror tramples you!
You die...

##'############.....#
###.###..## ........>#
#.....# # #..#.
.........# #.....# #..P.
.........######...#####
#..#.
.........##...##.##...##
#..#.
.........#.8.8.#.#.8.8.#
#..#.
.........#.._..#.#.._..#
#..#.
.........#.8...#.#..)8.#
#..##
.........##...'#@#'...##
#....
..........#####.X.#####..
#....
................⌠........
#.###
..........#####...#####.#
#..#
.........##...'#.#'...##
##.#
.........#.8..†#.#...8.#
#.#
##########.._..#.#.._..#
#.# #.8.8.#.#.8.8.# #.#
##...##.##...## #.#


You could see a thrashing horror.

Vanquished Creatures
  2 adders (D:2)
  An ooze (D:1)
  A worm (D:2)
  4 dart slugs
  A ball python (D:2)
  2 hobgoblins
  A quokka (D:2)
  6 bats
  A frilled lizard (D:1)
  3 goblins
  7 kobolds
  A rat (D:1)
  A plant (D:2)
31 creatures vanquished.

Notes
Turn   | Place    | Note
-------+----------+-------------------------------------------
     0 | Abyss:1  | SCCSCCS the Demonspawn Abyssal Knight began the quest for the Orb.
     0 | Abyss:1  | Reached XP level 1. HP: 18/18 MP: 2/2
     8 | Abyss:1  | Found an iron altar of Okawaru.
    33 | Abyss:1  | Noticed a small abomination
    37 | Abyss:1  | Found a corrupted altar of Lugonu.
    40 | D:1      | Escaped the Abyss
    90 | D:1      | Reached skill level 1 in Dodging
   137 | D:1      | Reached * piety under Lugonu
   158 | D:1      | Gained mutation: Your flesh is cold resistant. (rC+) [demonic ancestry]
   158 | D:1      | Reached XP level 2. HP: 5/24 MP: 4/4
  1016 | D:2      | Reached XP level 3. HP: 19/29 MP: 5/5
  2088 | D:2      | Found a burning altar of Makhleb.
  2097 | D:2      | Fell from the grace of Lugonu
  2097 | D:2      | Became a worshipper of Makhleb the Destroyer
  2103 | D:2      | Found a glowing golden altar of the Shining One.
  2118 | D:2      | Found a stormy altar of Qazlal.
  2129 | D:2      | Found an opulent altar of Gozag.
  2175 | D:2      | Noticed a thrashing horror
  2177 | D:2      | Slain by a thrashing horror

Vault maps used:
D:1:      roderic_dead_forest
D:2:      cheibrodos_old_hovel, grunt_temple_overflow_cloverleaf

Skill      XL: |  1  2 |
---------------+-------+-----
Dodging        | 1 |  1.6
Long Blades    | 2 |  2.2
Armour         | 2 |  2.3
Invocations    | 3 |  3.2
Fighting       | |  3.4

Action                   || total
-------------------------++-------
Melee: Falchion          ||   149
Invok: Depart the Abyss  ||     1
 Abil: Evoke Berserk Rag ||     1
  Eat: Fruit             ||     4
       Royal jelly       ||     1
       Chunk             ||     1
Armor: Leather armour    ||    30
Dodge: Dodged            ||    64
       Rpst.: Falchion   ||    22

Table legend:
 A = Spawn XP
 B = Non-spawn XP
 C = Spawn XP percentage of total XP
 D = Spawn monster count
 E = Non-spawn monster count
 F = Spawn count percentage of total count
 G = Total turns spent on level
                    A         B        C        D         E        F      G
               +---------+---------+-------+---------+---------+-------+---------
         Total |       0 |      87 |   0.0 |       0 |      30 |   0.0 |  2177
               +---------+---------+-------+---------+---------+-------+---------
           D:1 |       0 |      35 |   0.0 |       0 |      16 |   0.0 |   874
           D:2 |       0 |      52 |   0.0 |       0 |      14 |   0.0 |  1263
               +---------+---------+-------+---------+---------+-------+---------
